 Dungeon Crawl Stone Soup version 0.16.2-12-gd0ad4c3 (webtiles) character file.

18 HAWKINGL3623 the Ruffian (level 2, 0/27 HPs)
             Began as an Ogre Transmuter on Dec 17, 2015.
             Slain by a jackal (2 damage)
             ... on level 1 of the Dungeon.
             The game lasted 00:04:24 (725 turns).

HAWKINGL3623 the Ruffian (Ogre Transmuter)           Turns: 725, Time: 00:04:24

Health: 0/27       AC:  3    Str: 14    XL:     2   Next: 70%
Magic:  4/5        EV: 10    Int: 12    God:
Gold:   5          SH:  0    Dex: 10    Spells: 1 memorised, 5 levels left

rFire  + . .     SeeInvis .     f - +0 spear
rCold  . . .     Clarity  .     c - +0 robe
rNeg   . . .     SustAb   .     (shield restricted)
rPois  .         Gourm    .     (helmet restricted)
rElec  .         Spirit   .     (no cloak)
rCorr  .         Warding  .     (gloves unavailable)
rMut   .         Stasis   .     (boots unavailable)
MR     .....                    (no amulet)
Stlth  +.........               (no ring)
                                g - ring of protection from fire

@: appendage (expiring), not resistant to hostile enchantments, very unstealthy
A: unfitting armour, talons 3, tough skin 1
a: End Transformation


You were on level 1 of the Dungeon.
You were not hungry.
You had grown temporary talons.
You visited 1 branch of the dungeon, and saw 1 of its levels.

You collected 5 gold pieces.

Inventory:

Hand weapons
 f - a +0 spear (weapon)
Missiles
 b - 12 arrows
Armour
 c - a +0 robe (worn)
Jewellery
 g - a ring of protection from fire (left hand)
Books
 d - a book of Changes

   Spells                             Type                      Level
   a - Beastly Appendage              Transmutation                1
   b - Sticks to Snakes               Transmutation                2
   c - Spider Form                    Transmutation/Poison         3
   d - Ice Form                       Ice/Transmutation            4
   e - Blade Hands                    Transmutation                5
Comestibles
 a - a meat ration


   Skills:
 + Level 1.5 Fighting
 + Level 2.2 Dodging
 + Level 3.0 Unarmed Combat
 + Level 2.5 Spellcasting
 + Level 1.5 Transmutations


You had 5 spell levels left.
You knew the following spells:

 Your Spells              Type           Power        Failure   Level  Hunger
a - Beastly Appendage     Trmt           #.....       14%         1    #......


Dungeon Overview and Level Annotations

Branches:
Dungeon (1/15)

Altars:


Innate Abilities, Weirdness & Mutations

You are too large for most types of armour.
You have tough skin (AC +1).
You have claws for feet.


Message History

It was a potion of cure mutation.
It has a very clean taste.
The jackal barely misses you.
Casting: Beastly Appendage
Confirm with . or Enter, or press ? or * to list all spells.
You extend your transformation's duration.
The jackal bites you but does no damage.
You closely miss the jackal. You claw the jackal.
The jackal is moderately wounded.
The jackal barely misses you. x2
You completely miss the jackal.
The jackal is moderately wounded.
The jackal barely misses you. x2
You closely miss the jackal.
The jackal is moderately wounded.
Your transformation is almost over.
The jackal barely misses you.
You closely miss the jackal. Your kick misses the jackal.
The jackal is moderately wounded.
The jackal barely misses you. The jackal bites you.
You die...

##.##.##>.#.†#....# ##'####
#)........# .#.#K# ###..#..>.#
##.### ##....#%# f#.#e#####
###..#.# ##.###...# #.÷#÷#
x#.#O#...# ##...############
##.###..÷######.†h.##..%.......
g#.#n#.)........@†.............
##.###...######.####...........
o#.#V#..## ..... #..........
##.###... ........#..........
T#.#a#...##........#..########
##.###...##........##.#
6#.#H#.............##..
##.###...# ........#...
M#.#i#... ### ...


You could see a jackal.

Vanquished Creatures
  An ooze (D:1)
  A giant cockroach (D:1)
  A hobgoblin (D:1)
  5 jackals (D:1)
  A kobold (D:1)
  5 bats (D:1)
  A rat (D:1)
15 creatures vanquished.

Notes
Turn   | Place    | Note
--------------------------------------------------------------
     0 | D:1      | HAWKINGL3623, the Ogre Transmuter, began the quest for the Orb.
     0 | D:1      | Reached XP level 1. HP: 19/19 MP: 3/3
     2 | D:1      | Noticed a demigod
     2 | D:1      | Noticed a centaur
     4 | D:1      | Noticed a tengu
     4 | D:1      | Noticed a merfolk
     6 | D:1      | Noticed a naga
     8 | D:1      | Noticed a felid
     8 | D:1      | Noticed a draconian
    10 | D:1      | Noticed a human
    10 | D:1      | Noticed a gargoyle
    12 | D:1      | Noticed a spriggan
    14 | D:1      | Noticed a demonspawn
    14 | D:1      | Noticed a minotaur
    16 | D:1      | Noticed a troll
    16 | D:1      | Noticed a formicid
    18 | D:1      | Noticed a vampire
    20 | D:1      | Noticed a dwarf
    20 | D:1      | Noticed a ghoul
    22 | D:1      | Noticed an octopode
    22 | D:1      | Noticed an ogre
    24 | D:1      | Noticed a vine stalker
    24 | D:1      | Noticed an elf
   186 | D:1      | Reached skill level 3 in Unarmed Combat
   213 | D:1      | Reached XP level 2. HP: 7/27 MP: 1/5
   718 | D:1      | HP: 1/27 [jackal (2)]
   725 | D:1      | Slain by a jackal

Action                   || total
-------------------------++-------
Melee: Unarmed           ||    34
       Spear             ||    52
 Cast: Beastly Appendage ||     7
  Use: Potion            ||     1
